 Dungeon Crawl Stone Soup version 0.25.0-9-g26727b6 (webtiles) character file.

Game seed: 15244684858677226419

48 Exaltedone87 the Grasshopper (level 3, -1/32 HPs)
             Began as a Naga Warper on June 17, 2020.
             Was an Initiate of Ru.
             Hit by a boomerang thrown by an orc warrior (15 damage)
             ... on level 2 of the Dungeon.
             The game lasted 00:05:15 (2131 turns).

Exaltedone87 the Grasshopper (Naga Warper)          Turns: 2131, Time: 00:05:16

Health: -1/32      AC:  5    Str: 13    XL:     3   Next: 72%
Magic:  6/6        EV:  9    Int: 14    God:    Ru [......]
Gold:   109        SH:  0    Dex: 10    Spells: 4/6 levels left

rFire    . . .     SeeInvis +   a - +0 spear
rCold    . . .     Gourm    .   (no shield)
rNeg     . . .     Faith    .   b - +0 leather armour
rPois    +         Spirit   .   j - +1 helmet
rElec    .         Reflect  .   o - +0 cloak
rCorr    .         Harm     .   (no gloves)
MR       .....                  (no barding)
Stlth    +.........             (no amulet)
HPRegen  0.10/turn              l - ring of wizardry
MPRegen  0.10/turn              (no ring)

@: very slow
A: large, see invisible, deformed body, poison resistance, slowness 2, slow
metabolism 1, spit poison 1, AC +1
a: Spit Poison, Renounce Religion


You were on level 2 of the Dungeon.
You worshipped Ru.
Ru was noncommittal.
You were not hungry.

You visited 1 branch of the dungeon, and saw 2 of its levels.

You collected 109 gold pieces.

Inventory:

Hand Weapons
 a - a +0 spear (weapon)
Missiles
 e - 2 boomerangs of dispersal (quivered)
Armour
 b - a +0 leather armour (worn)
 j - a +1 helmet (worn)
 o - a +0 cloak (worn)
Jewellery
 l - a ring of wizardry (left hand)
Scrolls
 c - a scroll of fog {unknown}
 d - a scroll of blinking
 m - a scroll of enchant weapon {unknown}
 p - a scroll of identify
Potions
 g - a potion of ambrosia {unknown}
 h - a potion of curing {unknown}
 i - a potion of heal wounds {unknown}
 k - a potion of mutation {unknown}
 n - a potion of magic {unknown}
Comestibles
 f - 2 rations
 q - a chunk of flesh


   Skills:
 + Level 2.2 Fighting
 * Level 2.9 Polearms
 + Level 1.2 Throwing
 + Level 1.2 Armour
 + Level 1.8 Dodging
 + Level 2.2 Spellcasting
 - Level 3.0 Translocations


You had 4 spell levels left.
You knew the following spells:

 Your Spells              Type           Power        Failure   Level  Hunger
a - Blink                 Tloc           N/A          5%          2    ###....

Your spell library contained the following spells:

 Spells                   Type           Power        Failure   Level  Hunger
 Shroud of Golubria       Chrm/Tloc      #.....       10%         2    ###....
 Gell's Gravitas          Tloc           #.........   11%         3    ###....
 Lesser Beckoning         Tloc           #.........   11%         3    ###....
 Teleport Other           Tloc           #.......     11%         3    ###....
 Passage of Golubria      Tloc           N/A          32%         4    #####..


Dungeon Overview and Level Annotations

Branches:
Dungeon (2/15)

Altars:
Gozag
Ru


Innate Abilities, Weirdness & Mutations

You cannot wear boots.
Your serpentine skin is tough. (AC +1)
You have supernaturally acute eyesight. (SInv)
Armour fits poorly on your strangely shaped body.
Your system is resistant to poisons. (rPois)
You cover ground very slowly.
You have a slow metabolism.
You can spit poison.


Message History

The weapon returns to the orc warrior!
The orc warrior throws a boomerang.
The boomerang hits you!
Ouch! That really hurt!
The weapon returns to the orc warrior!
Throwing (i - inventory)
e - 4 boomerangs of dispersal (quivered)
Press: ? - help, Shift-Dir - straight line, f/p - orc warrior
Aim: an orc warrior, wielding a +0 mace, wearing a +0 chain mail and quivering 8 boomerangs You throw a boomerang of dispersal.
The boomerang of dispersal closely misses the orc warrior.
The orc warrior throws a boomerang.
The boomerang barely misses you.
The weapon returns to the orc warrior!
Throwing (i - inventory)
e - 3 boomerangs of dispersal (quivered)
Press: ? - help, Shift-Dir - straight line, f/p - orc warrior
Aim: an orc warrior, wielding a +0 mace, wearing a +0 chain mail and quivering 8 boomerangs You throw a boomerang of dispersal.
The boomerang of dispersal hits the orc warrior.
The orc warrior blinks!
The orc warrior is lightly wounded.
The orc warrior throws a boomerang.
The boomerang hits you!
You die...

##... ##.....##...#
#...$...#.......#.#.#
#...... #.......#...#
#..o[ยง. #.......#.###
<+ #.... ##.....##.#
.# ### #... ##...##..#
.#...
#######'#######'###.##
.##.#
....................#
.##.#
.......@............#
....#
....................##
....#
#######+#######'###..#
....# ##...###.# ....#
##.....##.# .##.#
#.......#.# .##.#
#.......#.# .##.#
#.......#)# .##.##
##.....##.#


You could see an orc warrior.

Vanquished Creatures
  3 dart slugs
  A leopard gecko (D:1)
  5 bats
  3 giant cockroaches
  3 goblins
  8 hobgoblins
  2 jackals (D:1)
  3 frilled lizards (D:1)
  5 kobolds
  6 rats
39 creatures vanquished.

Notes
Turn   | Place    | Note
-------+----------+-------------------------------------------
     0 | D:1      | Exaltedone87 the Naga Warper began the quest for the Orb.
     0 | D:1      | Reached XP level 1. HP: 19/19 MP: 3/3
   267 | D:1      | Reached skill level 1 in Throwing
   280 | D:1      | Reached XP level 2. HP: 18/26 MP: 5/5
   557 | D:1      | Reached skill level 1 in Armour
   954 | D:1      | Reached XP level 3. HP: 20/32 MP: 6/6
  1427 | D:1      | Learned a level 2 spell: Blink
  1742 | D:2      | Found an opulent altar of Gozag.
  1783 | D:2      | Found a sacrificial altar of Ru.
  1805 | D:2      | Became a worshipper of Ru the Awakened
  2127 | D:2      | Noticed an orc warrior
  2131 | D:2      | Hit by a boomerang thrown by an orc warrior

Illustrated notes

Levels and vault maps discovered:
D:1:      lightli_arrival_lavapool, layout_basic
D:2:      kennysheep_six_static_rooms, layout_basic, overflow_temple_1_default,
          grunt_gozag_breadcrumbs

Skill      XL: |  1  2 |
---------------+-------+-----
Throwing       | 1 |  1.2
Armour         | 1 |  1.2
Fighting       | |  2.2
Polearms       | |  2.9
Dodging        | |  1.8
Spellcasting   | |  2.2
Translocations | |  3.0

Action                   || total
-------------------------++-------
Melee: Spear             ||   136
Throw: Boomerang         ||     3
  Use: Scroll            ||     4
  Eat: Chunk             ||     2
Armor: Leather armour    ||    37
Dodge: Dodged            ||    60
